[Event "*** Titled Tuesday Blitz"]
[Site "Chess.com"]
[Date "2019.04.02"]
[Round "1"]
[White "Touching3200"]
[Black "beatles_22"]
[Result "0-1"]
[WhiteElo "2314"]
[BlackElo "2633"]
[TimeControl "180+2"]
[EndTime "14:08:33 PDT"]
[Termination "beatles_22 won by resignation"]

1. e4 e5 2. Nf3 Nc6 3. Bc4 Nf6 4. d3 Be7 5. O-O O-O 6. Re1 d6 7. a4 Kh8 8. a5 a6 9. h3 Ng8 10. Nc3 f5 11. Nd5 fxe4 12. dxe4 Nf6 13. c3 Bd7 14. b4 Rc8 15. Ra2 Qe8 16. Ng5 Qg6 17. Nxe7 Nxe7 18.
Ne6 Bxe6 19. Bxe6 Rcd8 20. Bg4 Nxe4 21. Bh5 Nxc3 22. Bxg6 Nxd1 23. Bh5 Nc3 24. Rc2 Nb5 25. Bf3 c6 26. Bg5 Rde8 27. Rd2 Nf5 28. Be2 Nfd4 29.
Bxb5 Nxb5 30. Be3 e4 31. Bb6 d5 32. Rde2 Re6 33. f3 Rfe8 34. fxe4 Rxe4 35. Rxe4 Rxe4 36.
Rxe4 dxe4 37. Kf2 Kg8 38. Ke3 Kf7 39. Kxe4 Ke6 40. Bc5 Nc3+ 41. Kd4 Nd5 42. Bf8 g6 43. Kc5 Kd7 44. Bg7 Nf4 45. g3 Nxh3 46. Kb6 Kc8 47. Be5 Ng5 48. Bf4 Ne4 49. Be5 h5 50. Ka7 g5 51.
Ka8 h4 52. gxh4 gxh4 53. Bh2 h3 54. Ka7 Nf2 55. Kb6 Ng4 56. Bg3 h2 57. Bxh2 Nxh2 0-1

[Event "*** Titled Tuesday Blitz"]
[Site "Chess.com"]
[Date "2019.04.02"]
[Round "1"]
[White "Annawel"]
[Black "SloLev"]
[Result "1-0"]
[WhiteElo "2892"]
[BlackElo "2485"]
[TimeControl "180+2"]
[EndTime "14:08:34 PDT"]
[Termination "Annawel won by resignation"]

1. e4 e5 2. Nf3 Nc6 3. Bb5 Nge7 4. O-O g6 5. c3 a6 6. Ba4 Bg7 7. d4 exd4 8. cxd4 b5 9. Bb3 O-O 10. Nc3 d6 11. h3 Na5 12. Bc2 c5 13. Bg5 h6 14. Bh4 g5 15. Bg3 Nc4 16. b3 Na3 17. Rc1 Nxc2 18. Rxc2 Qb6 19. dxc5 dxc5 20. Qd6 Qa7 21. Nd5 Nxd5 22. exd5 c4 23. Be5 Bf5 24. Bxg7 Kxg7 25. Rcc1 Rfe8 26. bxc4 Bd3 27. Rfe1 bxc4 28. Qc6 Rxe1+ 29. Rxe1 Rd8 30. Ne5 Qd4 31. Nxf7 Rf8 32. Qxh6+ Kxf7 33. Qxg5 Qf6 34. Qg4 Qf5 35. Qd4 Kg6 36.
Re6+ Kh7 37. Re5 Qf4 38. Re7+ Rf7 39. Qxf4 1-0

[Event "*** Titled Tuesday Blitz"]
[Site "Chess.com"]
[Date "2019.04.02"]
[Round "1"]
[White "rasmussvane"]
[Black "PotapovaM"]
[Result "1-0"]
[WhiteElo "2770"]
[BlackElo "2433"]
[TimeControl "180+2"]
[EndTime "14:08:34 PDT"]
[Termination "rasmussvane won by resignation"]

1. Nf3 Nf6 2. c4 e6 3. g3 d5 4. Bg2 d4 5. O-O c5 6. e3 Nc6 7.
exd4 cxd4 8. d3 Be7 9. Bf4 O-O 10. Re1 Ne8 11. Na3 f6 12. Rc1 e5 13. Bd2 Nc7 14. Qa4 Bf5 15. Nh4 Bd7 16. c5 Kh8 17. b4 g5 18. Nf3 Nd5 19. b5 Nb8 20. Nxd4 Bg4 21. Nb3 Be6 22. d4 Bf7 23. dxe5 fxe5 24. Nc4 Bf6 25. Nxe5 Bg8 26. c6 bxc6 27. bxc6 Qc7 28.
Ng4 Bg7 29. Bxg5 Nb6 30. Qa5 Rf7 31. Nh6 Rf8 32. Nxg8 Kxg8 33. Re7 Qd6 34. c7 N8d7 35. Bxa8 Rxa8 36. Qf5 Rf8 37. Qe6+ Qxe6 38. Rxe6 Rc8 39. Na5 Nd5 40. Bd8 Ne5 41. Nb7 Nf7 42. Nd6 Nxd8 43.
Re8+ Bf8 44. cxd8=Q 1-0

[Event "*** Titled Tuesday Blitz"]
[Site "Chess.com"]
[Date "2019.04.02"]
[Round "1"]
[White "PowerThinking2650"]
[Black "dreamist"]
[Result "0-1"]
[WhiteElo "2371"]
[BlackElo "2684"]
[TimeControl "180+2"]
[EndTime "14:08:36 PDT"]
[Termination "dreamist won by resignation"]

1. e4 c5 2. Nf3 d6 3. d4 Nf6 4. Nc3 cxd4 5. Nxd4 a6 6. Be3 e5 7. Nb3 Be6 8. f3 h5 9. Qd2 Nbd7 10. Nd5 Nxd5 11.
exd5 Bf5 12. c4 Be7 13. Be2 Qc7 14. O-O a5 15. Rac1 a4 16. Na1 O-O 17. Nc2 Nc5 18.
Na3 b6 19. Nb5 Qd7 20. Rce1 h4 21. g4 Bh7 22. f4 exf4 23. Bxf4 g5 24. Be3 f5 25.
gxf5 Bxf5 26. Nd4 Bh3 27. Qc2 Bf6 28. Nf5 Rae8 29. Bxc5 bxc5 30. Bh5 Rxe1 31. Nh6+ Kh8 32. Rxe1 Qg7 33. Nf5 Bxf5 34. Qxf5 Bd4+ 0-1

[Event "*** Titled Tuesday Blitz"]
[Site "Chess.com"]
[Date "2019.04.02"]
[Round "1"]
[White "Haykos"]
[Black "Eliwood44"]
[Result "1-0"]
[WhiteElo "2552"]
[BlackElo "2198"]
[TimeControl "180+2"]
[EndTime "14:08:36 PDT"]
[Termination "Haykos won by checkmate"]

1. e4 e5 2. Nf3 Nc6 3. Bc4 Nf6 4. d3 h6 5. O-O d6 6. c3 g6 7. d4 Bg4 8. Re1 Bg7 9. d5 Ne7 10. h3 Bd7 11. b4 O-O 12. Bd3 Nh5 13. c4 f5 14. Nc3 Nf4 15. Bf1 a5 16. Rb1 axb4 17. Rxb4 b6 18. g3 fxe4 19. Nxe4 Nxh3+ 20. Kh2 Bg4 21. Rb3 Qd7 22. a3 Nf5 23. Bb2 Ng5 24. Nexg5 hxg5 25. Qd2 Nd4 26. Nxd4 exd4 27. Bxd4 Bxd4 28. Qxd4 Rf7 29.
Bg2 Raf8 30. Rb2 Bf3 31. Bxf3 Rh7+ 32. Kg1 Rxf3 33. Re6 Rg7 34. Rbe2 Rf8 35. Qg4 Qa4 36. Qxg5 Qd1+ 37. Kg2 Qd3 38. Re8 Qf3+ 39. Kg1 Qf7 40.
Rxf8+ Qxf8 41. Re6 Qf5 42. Qd8+ Kh7 43. Qh4+ Kg8 44.
Re8+ Kf7 45. Qe7# 1-0

[Event "*** Titled Tuesday Blitz"]
[Site "Chess.com"]
[Date "2019.04.02"]
[Round "1"]
[White "Hikaru"]
[Black "gmjoey1"]
[Result "1-0"]
[WhiteElo "3185"]
[BlackElo "2503"]
[TimeControl "180+2"]
[EndTime "14:08:37 PDT"]
[Termination "Hikaru won by resignation"]

1. Nf3 Nf6 2. b3 g6 3. Bb2 Bg7 4. d4 O-O 5. e3 c5 6. dxc5 Qa5+ 7. c3 Qxc5 8. Ba3 Qb6 9. Bxe7 Re8 10. Bxf6 Bxf6 11. Be2 d5 12. O-O Nc6 13. Nd4 Bd7 14. Nd2 Nxd4 15. cxd4 Rac8 16. Nf3 Qa5 17. Bd3 Be7 18. Qe2 Ba3 19. h3 Rc7 20. Rad1 a6 21. Rd2 Rec8 22. Rc2 Rxc2 23. Bxc2 f6 24. Bd3 Rc3 25. Rd1 Kg7 26. Ne1 Bd6 27. Qd2 Bb4 28. Qe2 Qc7 29. Nc2 Bd6 30. Ne1 a5 31. e4 dxe4 32.
Bxe4 a4 33. Bd5 a3 34. Bc4 Bf5 35. Bd3 Bd7 36. Nf3 Bf4 37. Qe7+ Kg8 38. Bc4+ Rxc4 39. bxc4 Bf5 40. Qxc7 Bxc7 41. d5 Kf7 42. Nd4 Bd7 43. Rb1 b6 44. c5 bxc5 45. Rb7 cxd4 46. Rxc7 Ke7 47. Ra7 Kd6 48. Rxa3 Kxd5 49. Kf1 Kc4 50.
Ke1 Kb4 51. Ra7 Be6 52. Rxh7 Kc3 53. a4 d3 54. Rc7+ Bc4 55. h4 f5 56. g3 Kb4 57.
Rxc4+ Kxc4 58. f3 Kb4 59. g4 Kc3 60. Kd1 f4 61. a5 Kd4 1-0

[Event "*** Titled Tuesday Blitz"]
[Site "Chess.com"]
[Date "2019.04.02"]
[Round "1"]
[White "Micki-taryan"]
[Black "pedromartinez91"]
[Result "1-0"]
[WhiteElo "2954"]
[BlackElo "2497"]
[TimeControl "180+2"]
[EndTime "14:08:37 PDT"]
[Termination "Micki-taryan won by checkmate"]

1. e4 e6 2. d4 d5 3. Nd2 Nf6 4.
e5 Nfd7 5. c3 c5 6. Ngf3 Nc6 7.
Be2 g6 8. O-O Bg7 9. Re1 h6 10.
Nf1 O-O 11. Be3 Kh7 12. Ng3 f5 13. exf6 Qxf6 14. dxc5 Nde5 15. Nxe5 Nxe5 16. f4 Nc6 17. Bd3 Qh4 18. Qc2 Ne7 19. b4 Bd7 20. a4 Nf5 21. Bxf5 gxf5 22. Qd2 Rg8 23. Bd4 Bxd4+ 24. cxd4 Rg4 25.
Rf1 Rag8 26. Ra3 h5 27. Rf2 Kh6 28. b5 Qe7 29. Nf1 h4 30. h3 R4g6 31. Qe3 Qg7 32.
Raa2 Kh7 33. Qe5 Qe7 34. Rac2 Qe8 35. Kh2 R8g7 36. Rf3 Qg8 37. Rff2 Rg3 38. Qe2 Be8 39.
Rf3 Bh5 40. Nxg3 hxg3+ 41. Kg1 Rg6 42. Qe3 Bxf3 43. Qxf3 Qg7 44. Qe3 Qc7 45. Kf1 Qa5 46.
Qb3 Qc7 47. Qe3 Qa5 48. c6 Qxa4 49. Qd3 Qa1+ 50. Ke2 bxc6 51. bxc6 Qg1 52. Qf3 Rg8 53. c7 Qxd4 54. Qh5+ Kg7 55. Qg5+ Kh7 56. Qh4+ Kg6 57. Qxg3+ Kf7 58. Qxg8+ Kxg8 59. c8=Q+ Kf7 60. Rc7+ Kg6 61.
Qg8+ Kh6 62. Qh7# 1-0

[Event "*** Titled Tuesday Blitz"]
[Site "Chess.com"]
[Date "2019.04.02"]
[Round "1"]
[White "oskariot"]
[Black "Sajkochess"]
[Result "1-0"]
[WhiteElo "2614"]
[BlackElo "2298"]
[TimeControl "180+2"]
[EndTime "14:08:37 PDT"]
[Termination "oskariot won by checkmate"]

1. c4 Nf6 2. Nc3 e6 3. d4 Bb4 4. e3 O-O 5. Ne2 d5 6. a3 Bd6 7. cxd5 exd5 8. Ng3 c5 9. Nb5 c4 10. Nxd6 Qxd6 11. Bd2 Nc6 12. Be2 Bd7 13. Qc2 b5 14.
O-O a5 15. b3 Rfe8 16. Bf3 Bg4 17. a4 Bxf3 18. gxf3 cxb3 19. Qxb3 b4 20. Rfc1 Ne7 21.
Rc5 Rec8 22. Rac1 Rxc5 23. dxc5 Qc6 24. Rc2 h5 25. Qd3 h4 26. Ne2 Ng6 27. Nd4 Qd7 28. c6 Qh3 29. Qf1 Qxf1+ 30. Kxf1 Ne5 31. Rc5 Nd3 32.
Rb5 Nb2 33. c7 Nd7 34. Rxd5 Kf8 35. Rxd7 Ke8 36. Rd6 Rc8 37. Nc6 Rxc7 38. Rd8# 1-0

[Event "*** Titled Tuesday Blitz"]
[Site "Chess.com"]
[Date "2019.04.02"]
[Round "1"]
[White "sofaceindisguise"]
[Black "51616516516"]
[Result "1-0"]
[WhiteElo "2551"]
[BlackElo "2204"]
[TimeControl "180+2"]
[EndTime "14:08:37 PDT"]
[Termination "sofaceindisguise won by checkmate"]

1. d4 Nf6 2. c4 g6 3. Nc3 Bg7 4. e4 d6 5. Nf3 O-O 6. Be2 e5 7. O-O Nc6 8. d5 Ne7 9. b4 Nh5 10. Re1 f5 11. Ng5 Nf4 12. Bf1 h6 13. Nf3 fxe4 14.
Nxe4 Bg4 15. c5 Nh3+ 16. Kh1 Bxf3 17. gxf3 Nf4 18. Be3 Nf5 19. Bxf4 exf4 20. Rc1 a5 21. b5 Re8 22. b6 cxb6 23. c6 bxc6 24. dxc6 Rc8 25.
Bc4+ Kh7 26. Bf7 Re7 27. Bd5 Nd4 28. Qd3 b5 29. Rg1 Nf5 30. Rxg6 Kxg6 31. Rg1+ Kh7 32. Nf6+ Kh8 33. Qxf5 Bxf6 34. Qxf6+ Kh7 35. Be4+ Rxe4 36. Qg7# 1-0

[Event "*** Titled Tuesday Blitz"]
[Site "Chess.com"]
[Date "2019.04.02"]
[Round "1"]
[White "regular_legs"]
[Black "moro182"]
[Result "1/2-1/2"]
[WhiteElo "2440"]
[BlackElo "2759"]
[TimeControl "180+2"]
[EndTime "14:08:40 PDT"]
[Termination "Game drawn by agreement"]

1. d4 d5 2. c4 e6 3. Nc3 Nf6 4.
cxd5 exd5 5. Bg5 c6 6. e3 h6 7. Bh4 Be6 8. Bd3 Nbd7 9. Qc2 g5 10. Bg3 Nh5 11. Nge2 Nxg3 12. Nxg3 h5 13. h4 gxh4 14. Nf5 Qg5 15. Nxh4 Bg7 16. O-O-O Nb6 17. Kb1 O-O-O 18. Rc1 Kb8 19. Na4 Nd7 20. g3 Bf8 21. f4 Qxg3 22.
f5 Qxe3 23. fxe6 fxe6 24. Ng6 Rg8 25. Nxf8 Rdxf8 26. Rxh5 Qxd4 27. Rh7 Rg7 28. Rxg7 Qxg7 29. Qb3 Ne5 30. Nc5 Nxd3 31. Qxd3 Qe7 32. Qe3 e5 33.
Qxe5+ Qxe5 34. Nd7+ Kc7 35. Nxe5 Kd6 36. Nd3 b6 37. b4 Rf3 38. Rxc6+ Kxc6 39. Ne5+ Kb5 40. Nxf3 Kxb4 41. Kb2 a5 42. Nd2 b5 43. Nf3 Kc4 44. Ne5+ Kc5 45. Kc3 b4+ 46. Kb3 Kb5 47. Nf3 a4+ 48.
Kc2 Kc4 49. Nd2+ Kd4 50. Nf3+ Ke3 51. Ne5 Kd4 52. Nc6+ Kc5 53. Ne5 Kd4 54. Nc6+ Kc5 55. Ne5 1/2-1/2

[Event "*** Titled Tuesday Blitz"]
[Site "Chess.com"]
[Date "2019.04.02"]
[Round "1"]
[White "amintabatabaei"]
[Black "Vegan4future"]
[Result "0-1"]
[WhiteElo "2902"]
[BlackElo "2509"]
[TimeControl "180+2"]
[EndTime "14:08:41 PDT"]
[Termination "Vegan4future won by resignation"]

1. Nf3 Nc6 2. e4 f5 3. exf5 d5 4. Nh4 Nh6 5. Qh5+ Nf7 6. Bb5 g6 7. Qf3 g5 8. Nc3 gxh4 9. Nxd5 h5 10. O-O Nd6 11. Bxc6+ bxc6 12. Ne3 Qd7 13. Re1 Bb7 14. d3 O-O-O 15. Bd2 Bg7 16. Bc3 Rdg8 17. Qh3 c5 18. f3 Bd4 19. Kh1 Rh7 20. Bd2 Rhg7 21. Re2 Bxe3 22. Bxe3 Nxf5 23. Bxc5 Ng3+ 24. hxg3 Qxh3+ 25. gxh3 Bxf3+ 26. Kg1 Bxe2 27. Kf2 hxg3+ 28. Kxe2 g2 29.
Rg1 Kd7 30. Bxa7 Ra8 31. Bd4 Rg6 32. a3 Kd6 33. c4 e5 34. Be3 c5 35. h4 Rg4 36. b4 Rxa3 37. Bxc5+ Ke6 38. Be3 Ra2+ 39. Bd2 e4 40. d4 Rg3 41. d5+ Kf5 42. Kd1 Kg4 43.
d6 Kh3 44. Bc1 Rd3+ 0-1

[Event "*** Titled Tuesday Blitz"]
[Site "Chess.com"]
[Date "2019.04.02"]
[Round "1"]
[White "GM_RobertoMogranzini"]
[Black "Fandorine"]
[Result "0-1"]
[WhiteElo "2467"]
[BlackElo "2855"]
[TimeControl "180+2"]
[EndTime "14:08:41 PDT"]
[Termination "Fandorine won by resignation"]

1. Nf3 Nf6 2. b3 g6 3. Bb2 Bg7 4. c4 O-O 5. g3 d6 6. Bg2 c5 7. O-O e5 8. Nc3 Nc6 9. e3 Re8 10. d3 h6 11. Nd2 Be6 12. Nd5 Bxd5 13. cxd5 Nb4 14. Ne4 Nfxd5 15. a3 Nc6 16. b4 cxb4 17. axb4 Ndxb4 18. Qb3 a5 19. Ba3 d5 20. Nc5 b6 21.
Na4 e4 22. d4 Rc8 23. Bh3 Rb8 24. Rfc1 Bf8 25. Nc3 Nd3 26. Rcb1 Bxa3 27. Rxa3 Ncb4 28. Bf1 Rc8 29. Na4 Qf6 30. Bxd3 exd3 31. Nc3 Qf3 32. Raa1 d2 33. Nd1 Qe2 34. Qa4 Re6 35. Qd7 Rec6 36.
Kg2 Rc1 37. h4 Qxd1 38. Rxc1 dxc1=Q 39. Rxc1 Qxc1 0-1

[Event "*** Titled Tuesday Blitz"]
[Site "Chess.com"]
[Date "2019.04.02"]
[Round "1"]
[White "Rakesh"]
[Black "Hunninn"]
[Result "0-1"]
[WhiteElo "2286"]
[BlackElo "2612"]
[TimeControl "180+2"]
[EndTime "14:08:41 PDT"]
[Termination "Hunninn won by resignation"]

1. e4 e5 2. d4 exd4 3. Qxd4 Nc6 4. Qe3 Nf6 5. Nc3 Bb4 6. Bd2 Qe7 7. O-O-O d6 8. Nf3 Bd7 9. Nd5 Nxd5 10. exd5 Bxd2+ 11. Qxd2 Ne5 12. Nxe5 dxe5 13. d6 cxd6 14. Qxd6 Qxd6 15. Rxd6 Ke7 16. Rd2 Bc6 17. f3 Rad8 18. Bd3 g6 19. Re1 f6 20. f4 Rhe8 21.
fxe5 f5 22. Rde2 Rd4 23. b3 Red8 24. Kb2 h5 25. g3 h4 26. gxh4 Rxh4 27. Rg1 Rh6 28.
Re3 Rdh8 29. Reg3 Be8 30. Bc4 Rxh2 31. Bd5 b6 32. Rc3 Rd2 33. Bf3 Rhh2 34. a4 Ke6 35. Bc6 Bf7 36. Re1 Rhe2 37. Rh1 Kxe5 38. Rh7 Kf6 39. Bb5 Re7 40. Rc6+ Be6 41. Rh8 Ke5 42. Rh2 Rxh2 43. a5 bxa5 44. Rc3 g5 45. Re3+ Kf6 46. Re2 Rxe2 0-1

[Event "*** Titled Tuesday Blitz"]
[Site "Chess.com"]
[Date "2019.04.02"]
[Round "1"]
[White "Gordima"]
[Black "Chesstrainer1"]
[Result "1-0"]
[WhiteElo "2703"]
[BlackElo "2389"]
[TimeControl "180+2"]
[EndTime "14:08:42 PDT"]
[Termination "Gordima won by resignation"]

1. Nf3 Nf6 2. c4 g6 3. Nc3 Bg7 4. e4 d6 5. d4 O-O 6. Be2 Nbd7 7.
O-O e5 8. Qc2 Nh5 9. Rd1 Nf4 10.
Bxf4 exf4 11. Rab1 c5 12. Nb5 Qf6 13. Nc7 Rb8 14. Nd5 Qd8 15. Nxf4 cxd4 16. Nxd4 a6 17. Nf3 Re8 18. Rxd6 Qe7 19. Rbd1 Qxe4 20. Qxe4 Rxe4 21. g3 Nf8 22. b3 Bg4 23. Rd8 Rxd8 24. Rxd8 Rxe2 25.
Nxe2 Bxf3 26. Nf4 Bf6 27. Rc8 Kg7 28. Nd5 Be5 29. b4 b5 30. Ne3 bxc4 31. Nxc4 Bf6 32. a4 Ne6 33. b5 axb5 34. axb5 Nd4 35. b6 Be4 36. Nd6 Nf3+ 37. Kf1 Bd5 38. Ne8+ Kh6 39. Nxf6 Nxh2+ 40. Ke2 Bf3+ 41. Ke3 Kg5 42. Nxh7+ Kf5 43. Rc5+ Ke6 44. Ng5+ Kd6 45. Nxf3 1-0

[Event "*** Titled Tuesday Blitz"]
[Site "Chess.com"]
[Date "2019.04.02"]
[Round "1"]
[White "PaulfromSPb"]
[Black "Phelathegreat"]
[Result "1-0"]
[WhiteElo "2644"]
[BlackElo "2325"]
[TimeControl "180+2"]
[EndTime "14:08:42 PDT"]
[Termination "PaulfromSPb won by resignation"]

1. d4 Nf6 2. Bf4 c5 3. e3 Qb6 4. Nc3 cxd4 5. exd4 d6 6. Nf3 g6 7. Rb1 Bg7 8. Be2 O-O 9. O-O Nc6 10. h3 a5 11. d5 Nb4 12. Be3 Qd8 13. a3 Na6 14.
Nd4 Nc5 15. Bf3 a4 16. Qd2 Bd7 17. Bh6 Qb6 18. Bxg7 Kxg7 19. Rfe1 Rfe8 20. Re3 Rac8 21. Kh2 e5 22. dxe6 fxe6 23. Nde2 Rcd8 24. Nf4 Bc6 25.
Bxc6 bxc6 26. Nd3 Qa5 27. Rbe1 e5 28. Nxc5 dxc5 29. Qe2 Nd7 30. Ne4 Rf8 31. Ng5 Rf6 32. Rd1 h6 33. Ne4 Rff8 34. Nd6 Qc7 35. Nc4 Rde8 36. Kg1 Rf5 37. Nd6 Ref8 38. Nxf5+ gxf5 39. Rg3+ Kh7 40. Qh5 Rf6 41. Qe8 Nf8 42. Qd8 Qf7 43.
Rgd3 Kg8 44. Rd7 Qg6 45. R7d6 Rxd6 46. Qxd6 Qh5 47. Re1 e4 48. Qxc6 1-0

[Event "*** Titled Tuesday Blitz"]
[Site "Chess.com"]
[Date "2019.04.02"]
[Round "1"]
[White "joppie2"]
[Black "FancyPlaySyndrome"]
[Result "1-0"]
[WhiteElo "2797"]
[BlackElo "2447"]
[TimeControl "180+2"]
[EndTime "14:08:44 PDT"]
[Termination "joppie2 won by resignation"]

1. e4 c5 2. Nf3 d6 3. d4 cxd4 4. Nxd4 Nf6 5. Nc3 a6 6. b4 g6 7. a3 Bg7 8. Bb2 O-O 9. Bd3 d5 10. e5 Ng4 11. f4 Nc6 12. Nxc6 bxc6 13. h3 Nh6 14. O-O f6 15. Na4 Nf5 16. Qd2 a5 17. Nc5 Qb6 18. e6 Nd6 19. f5 gxf5 20. Bd4 axb4 21. axb4 Rxa1 22. Rxa1 Qb8 23. c3 Ne4 24. Qe3 Qd6 25. Ra7 Bxe6 26. Nxe6 Qxe6 27. Qf3 Rd8 28.
Ra6 Qd7 29. Ra7 Qc8 30. Bb6 Rd7 31. Ba6 Qe8 32. Qxf5 Rxa7 33. Qe6+ Qf7 34. Qc8+ Qf8 35. Bxa7 Qxc8 36. Bxc8 Kf7 37. Bd7 Nxc3 38. Bxc6 e6 39. b5 f5 40. Bf2 Bd4 41. b6 Be5 42. b7 d4 43. Kf1 d3 44. Bd4 d2 45. Bf3 Bb8 46.
Bxc3 e5 47. Bd5+ Kf6 48. Bxd2 1-0

[Event "*** Titled Tuesday Blitz"]
[Site "Chess.com"]
[Date "2019.04.02"]
[Round "1"]
[White "IMDT02"]
[Black "GMKrikor"]
[Result "0-1"]
[WhiteElo "2417"]
[BlackElo "2744"]
[TimeControl "180+2"]
[EndTime "14:08:46 PDT"]
[Termination "GMKrikor won by resignation"]

1. d4 Nf6 2. c4 e6 3. Nc3 Bb4 4.
e3 O-O 5. Ne2 d5 6. a3 Be7 7.
cxd5 exd5 8. Nf4 c6 9. Bd3 Re8 10. O-O Nbd7 11. Bd2 Nf8 12. b4 Bd6 13. f3 Bc7 14.
Rc1 Ng6 15. Nxg6 hxg6 16. Qe2 Bf5 17. Bxf5 gxf5 18. b5 f4 19. bxc6 bxc6 20. Qf2 fxe3 21. Bxe3 Qd6 22. g3 Qxa3 23. Bg5 Bd8 24. Rfe1 Rxe1+ 25. Qxe1 Rb8 26. Ne2 Qxf3 27. Rxc6 Ne4 28. Bxd8 Rxd8 29. Nf4 Rb8 30. Rc2 Qb3 31. Re2 Qc4 32.
Nxd5 Qxd4+ 33. Re3 Rb3 34. Ne7+ Kf8 35. Nf5 Qc5 36.
Kg2 Rb2+ 37. Kg1 g6 38. Nh4 Qc2 39. Rxe4 Qxh2+ 0-1

[Event "*** Titled Tuesday Blitz"]
[Site "Chess.com"]
[Date "2019.04.02"]
[Round "1"]
[White "AryanTari"]
[Black "cholzan"]
[Result "1-0"]
[WhiteElo "2820"]
[BlackElo "2453"]
[TimeControl "180+2"]
[EndTime "14:08:47 PDT"]
[Termination "AryanTari won by resignation"]

1. Nf3 e6 2. g3 f5 3. Bg2 Nf6 4.
b3 Be7 5. Bb2 d6 6. d4 O-O 7.
O-O Qe8 8. c4 a5 9. Nc3 Ne4 10.
Qc2 Qg6 11. Nxe4 fxe4 12. Nd2 d5 13. f3 e3 14. Qxg6 hxg6 15. Nb1 Bf6 16. f4 Nc6 17. Rd1 a4 18. cxd5 Nb4 19. Na3 exd5 20. Bc3 Nc6 21. Bxd5+ Kh7 22. Nb5 Bg4 23. Kf1 Ne7 24. Bg2 c6 25.
Nd6 axb3 26. axb3 Rxa1 27. Rxa1 c5 28. Rd1 Ra8 29. h3 cxd4 30. Bxd4 Bxd4 31. hxg4 Bc3 32. Bxb7 Ra2 33. Bf3 Rb2 34. Ne4 Bd2 35. Ng5+ Kg8 36.
Ra1 Rc2 37. Ra7 Bb4 38. Rb7 Bd6 39. b4 Rc8 40. b5 Rb8 41. Rd7 Bb4 42. b6 Kf8 43. b7 Ke8 44. Rc7 Kd8 45. Ne6+ Ke8 46. Be4 Bd6 47. Rc4 Kf7 48. Ng5+ Kf6 49. Kg2 Ng8 50.
Ra4 Ne7 51. Ra6 1-0

[Event "*** Titled Tuesday Blitz"]
[Site "Chess.com"]
[Date "2019.04.02"]
[Round "1"]
[White "STAYFlow"]
[Black "iLuusions"]
[Result "0-1"]
[WhiteElo "2263"]
[BlackElo "2603"]
[TimeControl "180+2"]
[EndTime "14:08:49 PDT"]
[Termination "iLuusions won by resignation"]

1. d4 Nf6 2. c4 e6 3. g3 c5 4.
d5 exd5 5. cxd5 d6 6. Nc3 g6 7.
Bg2 Bg7 8. Nf3 O-O 9. O-O Re8 10. Bf4 Ne4 11. Nxe4 Rxe4 12. Nd2 Rxf4 13. gxf4 Na6 14. Rb1 b5 15. e4 Nc7 16. Re1 a5 17. e5 Bf5 18.
exd6 Qxd6 19. Ne4 Qxf4 20. d6 Ne6 21. Qf3 Qxf3 22. Bxf3 Rd8 23. Rbd1 Bd4 24. Nc3 b4 25. Nb5 Bc2 26. Rd2 Ba4 27. Nc7 Rxd6 28. Nxe6 fxe6 29.
Bg4 e5 30. b3 Bc6 31. Be2 Kg7 32. Bc4 Rf6 33. Rde2 Rf5 34. Kf1 Rh5 35. f3 Bxf3 36. Rf2 Bxf2 37. Kxf2 Bc6 38. Kg3 Rg5+ 39. Kh4 Rh5+ 40.
Kg3 Kf6 41. Rd1 Rg5+ 42. Kh4 Rh5+ 43. Kg3 Ke7 44. Rf1 Rf5 45. Rd1 Rf3+ 46. Kg4 Rf2 47. h4 Bf3+ 48. Kg5 Bxd1 0-1

[Event "*** Titled Tuesday Blitz"]
[Site "Chess.com"]
[Date "2019.04.02"]
[Round "1"]
[White "djogrodek1"]
[Black "aa175"]
[Result "1-0"]
[WhiteElo "2505"]
[BlackElo "1938"]
[TimeControl "180+2"]
[EndTime "14:08:51 PDT"]
[Termination "djogrodek1 won on time"]

1. e4 e5 2. Nf3 Nc6 3. Bc4 Nf6 4. d3 Bc5 5. O-O d6 6. c3 O-O 7. h3 Be6 8. Nbd2 a6 9. a4 Qd7 10. b4 Ba7 11. Bxe6 Qxe6 12. Qc2 Nh5 13. Nc4 f5 14. Qe2 Ng3 15. Qd1 fxe4 16. Ng5 Qd5 17. Be3 Nxf1 18. Qxf1 exd3 19. Bxa7 Qxc4 20. Be3 Qxc3 21. Rc1 Qxb4 22. Qxd3 e4 23. Qd5+ Kh8 24. Nf7+ Rxf7 25. Qxf7 Rc8 26. Qd7 Rg8 27. Qxc7 Qxa4 28. Qxb7 Nd4 29. Rc8 Ne2+ 30. Kh2 Qa2 31. Rxg8+ Qxg8 32. Qxa6 Nc3 33. Qxd6 h6 34. Bd4 Nb5 35. Qxh6+ Qh7 36. Bxg7+ Kg8 37. Qxh7+ Kxh7 38. Bb2 Kg6 39. g4 Nd6 40. Kg3 Nc4 41. Bd4 Nd2 42.
Kf4 Nf3 43. Kxe4 Ng5+ 44. Ke5 Nxh3 45. f4 1-0

[Event "*** Titled Tuesday Blitz"]
[Site "Chess.com"]
[Date "2019.04.02"]
[Round "1"]
[White "dmosesov"]
[Black "FairChess_on_YouTube"]
[Result "0-1"]
[WhiteElo "2500"]
[BlackElo "3057"]
[TimeControl "180+2"]
[EndTime "14:08:52 PDT"]
[Termination "FairChess_on_YouTube won by resignation"]

1. e4 c5 2. Nf3 e6 3. d4 cxd4 4.
Nxd4 Nc6 5. Nc3 Qc7 6. Be3 a6 7.
Qf3 Nf6 8. O-O-O Rb8 9. Qg3 Qxg3 10. hxg3 Ng4 11. Nxc6 bxc6 12. Ba7 Rb7 13. Be2 Rxa7 14. Bxg4 d6 15. Na4 Rb7 16. c4 Rb4 17. b3 c5 18.
Rhe1 h5 19. Bf3 Bd7 20. Nc3 g5 21. e5 g4 22. Be2 dxe5 23. Bf1 f6 24. Bd3 Ke7 25.
Ne4 Kf7 26. Bc2 Bc6 27. Nd6+ Kg7 28. Be4 Bxe4 29. Nxe4 f5 30. Rd7+ Kg6 31. Nc3 e4 32. Red1 Rb6 33. Na4 Rc6 34. Kc2 h4 35. gxh4 Rxh4 36.
Rd8 Be7 37. R8d7 Kf6 38. Ra7 Bd6 39. Rd7 Be5 40. Rd8 Bd4 41. Nc3 Rh2 42. Ne2 Rxg2 43. Nxd4 Rxf2+ 0-1

[Event "*** Titled Tuesday Blitz"]
[Site "Chess.com"]
[Date "2019.04.02"]
[Round "1"]
[White "JSMastropiero"]
[Black "Supernotar"]
[Result "0-1"]
[WhiteElo "2251"]
[BlackElo "2578"]
[TimeControl "180+2"]
[EndTime "14:08:52 PDT"]
[Termination "Supernotar won by resignation"]

1. d4 d5 2. c4 dxc4 3. e4 Nf6 4. e5 Nd5 5. Bxc4 Nb6 6. Bb3 Nc6 7. Ne2 Bf5 8. Nbc3 e6 9. Be3 Be7 10. O-O Na5 11. Bc2 Bg6 12. b3 Nc6 13. f4 Nb4 14. Bb1 N4d5 15. Bf2 Nxc3 16. Nxc3 Nd5 17. Nxd5 Qxd5 18. f5 Bxf5 19. Bxf5 exf5 20. Rc1 c6 21. Be3 g6 22. g4 Qe4 23. Qe1 Qxg4+ 24. Kh1 Qe4+ 25. Kg1 O-O 26. Rf4 Qd5 27. Qg3 Kh8 28. h4 Rad8 29. Rcf1 c5 30. h5 cxd4 31. Bxd4 Bc5 32. Rd1 Bxd4+ 33. Rfxd4 Qc5 34. Qe3 Rxd4 35. Rxd4 Re8 36. Kg2 Qxe5 37. Qxe5+ Rxe5 38. h6 Re8 39. Rd7 Kg8 40. Rxb7 Ra8 41. Kf3 Kf8 42. Kf4 a5 43.
Kg5 Ra6 44. Rb8+ Ke7 45. Rh8 a4 46. b4 a3 47. Rxh7 Ra4 48. Rg7 Rxb4 49. h7 Rg4+ 50.
Kh6 Kf6 51. Rxg6+ Rxg6+ 52. Kh5 Kg7 53. h8=Q+ Kxh8 0-1

[Event "*** Titled Tuesday Blitz"]
[Site "Chess.com"]
[Date "2019.04.02"]
[Round "1"]
[White "Gabix_94"]
[Black "Phurba13"]
[Result "1-0"]
[WhiteElo "2571"]
[BlackElo "2234"]
[TimeControl "180+2"]
[EndTime "14:08:52 PDT"]
[Termination "Gabix_94 won by resignation"]

1. Nf3 d5 2. c4 e6 3. d4 Nf6 4. Nc3 Be7 5. Bf4 O-O 6. e3 c6 7. Qc2 Nbd7 8. h3 dxc4 9. Bxc4 Nd5 10. Bh2 N7f6 11. O-O Bd6 12. Ne5 h6 13. Rad1 Qa5 14. Be2 Bb4 15. Rc1 Rd8 16. Rfd1 Bd7 17. Nc4 Qa6 18.
e4 Nxc3 19. bxc3 Bf8 20. e5 Nd5 21. Nd6 b5 22. c4 Nb4 23. Qb3 Qa4 24. Qxa4 bxa4 25.
a3 Na6 26. Rb1 Rab8 27. Bf3 Nc7 28. Bf4 Ne8 29. Kf1 g5 30. Bg3 Ng7 31. Be4 Nh5 32.
Bh2 Ng7 33. Ke2 Ne8 34. Kd3 Be7 35. Kc3 Kg7 36. g4 Kg8 37. f4 Ng7 38. f5 Bxd6 39. fxe6 Nxe6 40. exd6 c5 41. d5 Nd4 42. Rxb8 Rxb8 43.
Rb1 Rxb1 44. Bxb1 Kf8 45. Bd3 Ke8 46. Bg1 Nf3 47. Bxc5 a6 48. Bf2 a5 49. c5 Ne5 50.
Be4 Bc8 51. c6 f6 52. d7+ Bxd7 53. cxd7+ Kxd7 54. Bc5 Nf7 55. Bf5+ Kc7 56. Kc4 Ne5+ 57. Kb5 Nf3 58. d6+ Kd8 59. Bb6+ Ke8 60. d7+ Kf7 61. d8=Q 1-0